 Dungeon Crawl Stone Soup version 0.31-a0-544-gceb718ecc6 (webtiles) character file.

Game seed: 15235376677449582286

72684 Dittersdorf the Tortoise (level 15, -1/103 HPs)
             Began as a Gargoyle Fighter on Aug 15, 2023.
             Was a High Priest of Okawaru.
             Splashed by a brown ugly thing's acid (4 damage)
             ... on level 12 of the Dungeon.
             The game lasted 00:33:24 (22219 turns).

Dittersdorf the Tortoise (Gargoyle Fighter)        Turns: 22219, Time: 00:33:25

Health: -1/103     AC: 35    Str: 34    XL:     15   Next: 40%
Magic:  13/15      EV: 17    Int: 11    God:    Okawaru [*****.]
Gold:   1590       SH:  8    Dex:  9    Spells: 14/14 levels left

rFire   + . .        F - +7 morningstar (drain)
rCold   + . .        j - +0 buckler "Pitoynomp" {rElec rC+ Regen+ Int+3}
rNeg    + . .        y - +5 scale mail "Teropt" {rElec rF+ Will+ Str+3}
rPois   ∞            (no helmet)
rElec   +            c - +0 cloak {rCorr}
rCorr   +            v - +2 pair of gloves {Str+3}
SInv    .            x - +0 pair of boots
Will    +++..        B - amulet of the acrobat
Stlth   +            i - +5 ring of evasion
HPRegen 1.17/turn    u - ring of willpower
MPRegen 0.14/turn

%: acrobat
@: heroic, flying
A: sickness immunity, AC +11, big wings, negative energy resistance 1,
electricity resistance, torment resistance 1, petrification resistance
a: Renounce Religion, Heroism, Finesse, Duel


You were on level 12 of the Dungeon.
You worshipped Okawaru.
Okawaru was extremely pleased with you.
You visited 4 branches of the dungeon, and saw 20 of its levels.
You also visited: Sewer.

You collected 2195 gold pieces.
You spent 605 gold pieces at shops.

Inventory:

Hand Weapons
 F - a +7 morningstar of draining (weapon)
Missiles
 r - 4 curare-tipped darts (quivered)
Armour
 c - a +0 cloak of preservation (worn)
 j - the +0 buckler "Pitoynomp" (worn) {rElec rC+ Regen+ Int+3}
   (Okawaru gifted it to you on level 3 of the Lair of Beasts)

   Int+3:     It affects your intelligence (+3).
   rC+:       It protects you from cold.
   rElec:     It insulates you from electricity.
   Regen+:    It increases your rate of health regeneration.
 v - a +2 pair of gloves of strength (worn)
 x - a +0 pair of boots (worn)
 y - the +5 scale mail "Teropt" (worn) {rElec rF+ Will+ Str+3}
   (Okawaru gifted it to you on level 5 of the Lair of Beasts)

   Str+3:     It affects your strength (+3).
   rF+:       It protects you from fire.
   rElec:     It insulates you from electricity.
   Will+:     It increases your willpower.
Jewellery
 i - a +5 ring of evasion (left hand)
 u - a ring of willpower (right hand)
 A - a ring of protection from cold
 B - an amulet of the acrobat (around neck)
 D - a ring of fire
Wands
 a - a wand of iceblast (35)
 s - a wand of digging (5)
 H - a wand of quicksilver (3)
Scrolls
 b - a scroll of identify
 e - 2 scrolls of fog
 f - 11 scrolls of teleportation
 k - 6 scrolls of fear
 t - a scroll of enchant weapon
 C - 2 scrolls of blinking
Potions
 d - 2 potions of might
 g - 7 potions of curing
 h - a potion of resistance
 l - 3 potions of cancellation
 m - 3 potions of haste
 n - 3 potions of invisibility
 o - 8 potions of heal wounds
 p - 4 potions of mutation
 q - 4 potions of enlightenment
 w - a potion of brilliance
 E - a potion of berserk rage


   Skills:
 + Level 15.1(20.1) Fighting
 + Level 13.7(18.7) Maces & Flails
 + Level 15.2(20.2) Armour
 + Level 15.1(20.1) Shields


You had 14 spell levels left.
You didn't know any spells.
Your spell library contained the following spells:

 Spells                   Type           Power      Damage    Failure   Level
 Wereblood                Tmut           0%         N/A       63%         2
 Ozocubu's Armour         Ice            0%         N/A       85%         3
 Portal Projectile        Hex/Tloc       0%         N/A       85%         3
 Vhi's Electric Charge    Tloc/Air       0%         N/A       85%         3
 Volatile Blastmotes      Fire/Tloc      0%         2d10      85%         3
 Fulminant Prism          Conj/Hex       0%         3d5       99%         4
 Iskenderun's Mystic Bla  Conj/Tloc      0%         2d3       99%         4
 Leda's Liquefaction      Hex/Erth       0%         N/A       99%         4
 Arcjolt                  Conj/Air       0%         1d10      100%        5
 Irradiate                Conj/Tmut      0%         3d11      100%        5
 Plasma Beam              Fire/Air       0%         2x1d10    100%        6
 Ozocubu's Refrigeration  Ice            0%         4d7       100%        7
 Call Canine Familiar     Summ           Unusable   N/A       N/A         3

Dungeon Overview and Level Annotations

Branches:
Dungeon (12/15)            Temple (1/1) D:7            Lair (5/5) D:8
  Swamp (0/4) Lair:3        Snake (0/4) Lair:2        Slime (0/5) Lair:5
    Orc (2/2) D:9             Elf (0/3) Orc:2         Sewer (visited)

Altars:
Ashenzari
Cheibriados
Dithmenos
Elyvilon
Fedhas
Gozag
Hepliaklqana
Kikubaaqudgha
Makhleb
Nemelex Xobeh
Okawaru
Qazlal
Ru
Sif Muna
Trog
Uskayaw
Vehumet
Wu Jian
Xom
Yredelemnul
Zin
The Shining One

Shops:
D:1 *   D:5 *   D:8 :   Orc:1 [   Orc:2 [[!*

Annotations:
Lair:3 2 transporters, petzl's ghost, journeyman FoDe


Innate Abilities, Weirdness & Mutations

You are immune to sickness and miasma.
Your stone body is resilient. (AC +11)
You are immune to poison.
Your large and strong wings let you fly.
You resist negative energy. (rN+)
You are resistant to electric shocks. (rElec)
You are resistant to unholy torment.
You are immune to petrification.


Message History

You closely miss the vampire mosquito.
You block the vampire mosquito's attack.
The brown ugly thing punches you but does no damage.
The vampire mosquito bites you!
* * * LOW HITPOINT WARNING * * *
The gargoyle hits you but does no damage.
You miss the vampire mosquito.
You block the vampire mosquito's attack.
The brown ugly thing misses you.
You completely miss the vampire mosquito.
The vampire mosquito barely misses you. The gargoyle hits you with a +0 flail.
* * * LOW HITPOINT WARNING * * *
The vampire mosquito completely misses you.
You gain the combat prowess of a mighty hero.
The vampire mosquito closely misses you.
The brown ugly thing punches you but does no damage.
The gargoyle barely misses you. The vampire mosquito misses you.
You puncture the gargoyle!
The gargoyle is severely damaged.
The vampire mosquito bites you but does no damage.
The brown ugly thing punches you but does no damage.
The gargoyle hurls a stone arrow at you.
The stone arrow hits you but does no damage.
You hit the gargoyle.
The gargoyle is severely damaged.
You block the vampire mosquito's attack.
The brown ugly thing barely misses you.
The gargoyle hurls a stone arrow at you.
The stone arrow hits you!!
* * * LOW HITPOINT WARNING * * *
You barely miss the gargoyle.
The gargoyle is severely damaged.
The vampire mosquito misses you. x2
You impale the gargoyle!!
You destroy the gargoyle!
Okawaru accepts your kill. The brown ugly thing punches you.
* * * LOW HITPOINT WARNING * * *
You are splashed with acid.
You resist.
You die...

#.. #..#
#.###.##
#####
#......###...
#.#.###.##:.#
#.#.# #.##..#
#...###.##.!#
####<..##...#
#........#)u#
#.###..#.##@#
# #..#.##y#
#.....#y.
#.........
##....#.###
..#.##.#
###.##.# #..


You could see a brown ugly thing and 2 vampire mosquitoes.

Vanquished Creatures
  Kirke (Lair:5)
  A dire elephant (Lair:2)
  7 hydras
  Erica (D:10)
  A boulder beetle (D:11)
  3 two-headed ogres
  22 death yaks
  An orc high priest (Orc:2)
  Nergalle (Lair:1)
  2 skysharks (Lair:4)
  Amaemon (D:8)
  Lodul (D:11)
  The ghost of knightboat the Destroyer, a novice KoCj of Makhleb (D:9)
  Jeremiah (Lair:1)
  An orc knight (Orc:1)
  Pikel (D:9)
  An oklob plant (Lair:4)
  A wolf spider (Lair:5)
  4 orc sorcerers
  A manticore (D:11)
  Maurice (D:10)
  A guardian serpent (Lair:5)
  6 black mambas
  Joseph (D:7)
  2 gargoyles
  An orange demon (D:8)
  The ghost of wormstring the Mimic, a novice FeCK of Xom (D:9)
  5 komodo dragons
  The ghost of wormstring the Gouger, a novice FeAr of Gozag (D:9)
  3 rime drakes
  14 cane toads
  Psyche (D:10)
  7 trolls
  3 hornets (Lair:5)
  3 polar bears
  Grinder (D:4)
  The ghost of justen the Insei, an amateur OpSh of the Shining One (D:3)
  13 dream sheep (Lair:5)
  A slime creature (Lair:5)
  13 wyverns
  A shadow (D:12)
  A vampire (D:12)
  63 yaks
  4 basilisks
  A steam dragon (D:7)
  A redback (Lair:5)
  4 hogs (Lair:5)
  2 vampire mosquitoes (D:11)
  Grum (D:10)
  3 nagas (Lair:2)
  25 water moccasins
  3 black bears
  Pargi (Sewer)
  A swamp drake (D:9)
  4 ice beasts (D:9)
  20 orc warriors
  13 ogres
  2 sky beasts
  30 wolves
  8 centaurs
  A lemure (D:9)
  8 kobold brigands
  3 phantoms
  A gnoll sergeant (D:9)
  4 bullfrogs
  9 scorpions (D:11)
  8 wights
  6 killer bees
  An electric eel (Lair:2)
  3 vampire bats
  A howler monkey (D:10)
  3 jellies (Lair:5)
  4 hounds
  25 orc priests
  A sleepcap (D:8)
  4 iguanas
  36 orc wizards
  2 hound zombies (D:4)
  7 gnolls
  7 adders
  2 shadow imps (D:6)
  4 white imps
  A howler monkey simulacrum (D:9)
  2 ufetubi
  An adder zombie (D:4)
  2 worms
  77 orcs
  2 bat skeletons (D:8)
  3 bat zombies (D:8)
  7 endoplasms
  8 giant cockroaches
  3 goblins
  2 hobgoblins (D:2)
  9 jackals
  3 quokkas
  5 ball pythons
  14 bats
  2 frilled lizards
  A jackal zombie (D:4)
  11 kobolds
  A quokka zombie (D:4)
  4 rats (D:4)
618 creatures vanquished.

Vanquished Creatures (others)
  An orc priest (Orc:2)
  3 orc wizards (Orc:2)
4 creatures vanquished.

Grand Total: 622 creatures vanquished

Notes
Turn   | Place    | Note
-------+----------+-------------------------------------------
     0 | D:1      | Dittersdorf the Gargoyle Fighter began the quest for the
                  | Orb.
     0 | D:1      | Reached XP level 1. HP: 14/14 MP: 1/1
    64 | D:1      | Found Ukejas's Assorted Antiques.
   289 | D:1      | Reached XP level 2. HP: 19/19 MP: 2/2
   666 | D:2      | Reached XP level 3. HP: 24/24 MP: 3/3
  1306 | D:3      | Reached XP level 4. HP: 24/29 MP: 4/4
  1344 | D:3      | Found a runed translucent gate.
  1344 | D:3      | Found a runed translucent gate.
  1344 | D:3      | Found a runed translucent gate.
  1345 | D:3      | Noticed justen's ghost (amateur OpSh)
  1349 | D:3      | Noticed a kobold brigand
  1778 | D:3      | Reached XP level 5. HP: 33/33 MP: 5/5
  2392 | D:3      | Found a runed translucent gate.
  2392 | D:3      | Found a runed translucent gate.
  2392 | D:3      | Found a runed translucent gate.
  2985 | D:4      | Noticed an ogre
  2993 | D:4      | Killed an ogre
  3026 | D:4      | Reached XP level 6. HP: 39/39 MP: 6/6
  3138 | D:4      | Reached skill level 5 in Armour
  3240 | D:4      | Reached skill level 5 in Fighting
  3240 | D:4      | Reached skill level 5 in Shields
  3289 | D:4      | Found a glowing drain.
  3297 | Sewer    | Entered a sewer
  3362 | Sewer    | Noticed Pargi
  3377 | Sewer    | Killed Pargi
  3378 | Sewer    | Reached XP level 7. HP: 34/44 MP: 7/7
  3893 | D:4      | Found a basalt altar of Yredelemnul.
  4061 | D:4      | Noticed Grinder
  4068 | D:4      | Paralysed by Grinder for 3 turns
  4073 | D:4      | Killed Grinder
  4074 | D:4      | Reached XP level 8. HP: 44/51 MP: 8/8
  4160 | D:4      | Found a white marble altar of Elyvilon.
  4270 | D:5      | Entered Level 5 of the Dungeon
  4336 | D:5      | Found Vihagim's General Store.
  4392 | D:5      | Reached skill level 5 in Maces & Flails
  4621 | D:5      | Found a shimmering blue altar of Sif Muna.
  4652 | D:5      | Noticed a wyvern
  4664 | D:5      | Killed a wyvern
  4902 | D:5      | Found an iron altar of Okawaru.
  4910 | D:5      | Became a worshipper of Warmaster Okawaru
  5027 | D:5      | Found the +7 Throatcutter {drain, coup de grace}
  5069 | D:5      | Reached XP level 9. HP: 50/56 MP: 9/9
  5083 | D:5      | Reached * piety under Okawaru
  5325 | D:3      | Killed justen's ghost
  6408 | D:7      | Found a shadowy altar of Dithmenos.
  6418 | D:7      | Found a stormy altar of Qazlal.
  6464 | D:7      | Found a staircase to the Ecumenical Temple.
  6533 | Temple   | Entered the Ecumenical Temple
  6870 | D:7      | Noticed Joseph
  6887 | D:7      | Killed Joseph
  6887 | D:7      | Reached ** piety under Okawaru
  7037 | D:7      | Found a hazy altar of Hepliaklqana.
  7176 | D:7      | Reached XP level 10. HP: 58/64 MP: 10/10
  7357 | D:8      | Found Xepiq's Book Boutique.
  7401 | D:8      | Found a staircase to the Lair.
  7491 | D:8      | Found a broken altar of Ashenzari.
  7555 | D:8      | Noticed Amaemon
  7556 | D:8      | Noticed an orange demon
  7573 | D:8      | Killed Amaemon
  7573 | D:8      | Reached *** piety under Okawaru
  7580 | D:8      | Killed an orange demon
  8214 | D:8      | Found an ancient bone altar of Kikubaaqudgha.
  8309 | D:9      | Noticed a two-headed ogre
  8381 | D:8      | Killed a two-headed ogre
  8381 | D:8      | Reached **** piety under Okawaru
  8486 | D:9      | Noticed Pikel
  8500 | D:9      | Killed Pikel
  8500 | D:9      | Received a gift from Okawaru
  8579 | D:9      | Reached XP level 11. HP: 54/71 MP: 11/11
  8779 | D:9      | Found a runed translucent gate.
  8779 | D:9      | Found a runed translucent gate.
  8779 | D:9      | Found a runed translucent gate.
  8779 | D:9      | Noticed knightboat's ghost (novice KoCj)
  8779 | D:9      | Noticed wormstring's ghost (novice FeCK)
  8780 | D:9      | Noticed wormstring's ghost (novice FeAr)
  8795 | D:9      | Found a sparkling altar of Nemelex Xobeh.
  9113 | D:9      | Reached skill level 10 in Armour
  9120 | D:9      | Reached skill level 10 in Fighting
  9120 | D:9      | Reached skill level 10 in Shields
  9387 | D:9      | Found a glowing golden altar of the Shining One.
  9624 | D:9      | Found a staircase to the Orcish Mines.
 10119 | D:9      | Killed knightboat's ghost
 10127 | D:9      | Killed wormstring's ghost
 10153 | D:9      | Killed wormstring's ghost
 10153 | D:9      | Reached ***** piety under Okawaru
 10291 | D:9      | Identified the +0 long sword of the Valley {pain, Will+}
 10335 | D:10     | Entered Level 10 of the Dungeon
 10383 | D:10     | Noticed Erica
 10435 | D:10     | Killed Erica
 10554 | D:10     | Noticed Psyche
 10564 | D:10     | Killed Psyche
 10742 | D:10     | Identified the +3 scale mail of Spring {Contam rPois Str+8
                  | Int-3}
 10818 | D:10     | Identified the scarf of the Depths {shadows, Int+2}
                  | (Okawaru gifted it to you on level 10 of the Dungeon)
 10818 | D:10     | Received a gift from Okawaru
 10978 | D:10     | Noticed Grum
 11001 | D:10     | Killed Grum
 11351 | D:10     | Found Uckint's Armour Shoppe.
 11504 | D:10     | Noticed Maurice
 11515 | D:10     | Killed Maurice
 11516 | D:10     | Reached XP level 12. HP: 80/80 MP: 12/12
 11740 | Lair:1   | Entered Level 1 of the Lair of Beasts
 11915 | Lair:1   | Reached skill level 10 in Maces & Flails
 11950 | Lair:1   | Noticed Nergalle
 11978 | Lair:1   | Killed Nergalle
 12432 | Lair:1   | Noticed Jeremiah
 12495 | Lair:1   | Killed Jeremiah
 13622 | Lair:2   | Found a staircase to the Snake Pit.
 13934 | Lair:2   | Noticed a dire elephant
 14512 | Lair:2   | Killed a dire elephant
 14706 | Lair:2   | Received a gift from Okawaru
 15266 | Lair:3   | Noticed a death yak
 15266 | Lair:3   | Noticed a death yak
 15266 | Lair:3   | Noticed a death yak
 15266 | Lair:3   | Noticed a death yak
 15266 | Lair:3   | Noticed a death yak
 15277 | Lair:2   | Killed a death yak
 15316 | Lair:2   | Killed a death yak
 15317 | Lair:2   | Reached XP level 13. HP: 79/86 MP: 11/13
 16026 | Lair:2   | Received a gift from Okawaru
 16701 | Lair:3   | Identified the +0 buckler "Pitoynomp" {rElec rC+ Regen+
                  | Int+3} (Okawaru gifted it to you on level 3 of the Lair of
                  | Beasts)
 16701 | Lair:3   | Received a gift from Okawaru
 17079 | Lair:3   | Gained mutation: Your large and strong wings let you fly.
                  | [Gargoyle growth]
 17079 | Lair:3   | Reached XP level 14. HP: 90/94 MP: 14/14
 17142 | Lair:3   | Found a transporter.
 17167 | Lair:3   | Found a transporter.
 17169 | Lair:3   | Noticed petzl's ghost (journeyman FoDe)
 17205 | Lair:3   | Found a bloodstained altar of Trog.
 17583 | Lair:3   | Found a staircase to the Swamp.
 18626 | Lair:5   | Entered Level 5 of the Lair of Beasts
 18960 | Lair:5   | Identified the +5 scale mail "Teropt" {rElec rF+ Will+
                  | Str+3} (Okawaru gifted it to you on level 5 of the Lair of
                  | Beasts)
 18960 | Lair:5   | Received a gift from Okawaru
 19059 | Lair:5   | Identified the +2 robe "Jolu" {rCorr Dex+3}
 19123 | Lair:5   | Found a staircase to the Slime Pits.
 19254 | Lair:5   | Noticed Kirke
 19279 | Lair:5   | Killed Kirke
 19969 | Orc:1    | Entered Level 1 of the Orcish Mines
 20045 | Orc:1    | Found Asepotag's Armour Emporium.
 20101 | Orc:2    | Entered Level 2 of the Orcish Mines
 20127 | Orc:1    | Reached XP level 15. HP: 101/101 MP: 15/15
 20426 | Orc:2    | Found a staircase to the Elven Halls.
 20696 | Orc:2    | Received a gift from Okawaru
 21027 | Orc:2    | Found Pairghauri's Armour Boutique.
 21027 | Orc:2    | Found Zayg Roh's Antique Armour Boutique.
 21028 | Orc:2    | Found Onut's Assorted Antiques.
 21037 | Orc:2    | Found Seifil's Distillery.
 21043 | Orc:2    | Bought a potion of heal wounds for 60 gold pieces
 21043 | Orc:2    | Bought a potion of mutation for 96 gold pieces
 21044 | Orc:2    | Bought a pair of glowing gloves for 277 gold pieces
 21058 | Orc:2    | Bought an embroidered cloak for 172 gold pieces
 21403 | D:11     | Reached skill level 15 in Armour
 21474 | D:11     | Reached skill level 15 in Shields
 21481 | D:11     | Found a runed translucent door.
 21483 | D:11     | Found a runed translucent door.
 21566 | D:11     | Reached skill level 15 in Fighting
 21610 | D:11     | Noticed Lodul
 21622 | D:11     | Killed Lodul
 22217 | D:12     | HP: 3/103 [gargoyle/stone arrow (22)]
 22219 | D:12     | Splashed by a brown ugly thing's acid

Illustrated notes

Levels and vault maps discovered:
D:1:      spicycebolla_arrival_ecumenical, layout_rooms, serial_shops, shop
D:2:      layout_loops_cross, minmay_misc_feat_secret_circle,
          dreamdust_wishing_well, minmay_puff
D:3:      layout_basic, gammafunk_ghost_nasty_kobolds, serial_bayou_pond_a,
          roderic_batcave
D:4:      layout_loops_corners, nicolae_elyvilon_temple_path,
          nicolae_yredelemnul_corpse_copse, portal_sewer_entry_e, uniq_grinder
D:5:      layout_cave_pools, lemuel_round_altar, okawaru_gym_becter,
          serial_shops, shop, dilly_guarded_unrand_throatcut
D:6:      layout_loops_cross
D:7:      layout_loops_ring, kennysheep_mini_moat, grunt_temple_overflow_open,
          minmay_temple_entry_wispy, uniq_joseph
D:8:      layout_basic, ashenzari_altar_1, kennysheep_vampire_church,
          lair_entry_dummy, serial_shops, nicolae_shop_hallway_stairs,
          uniq_amaemon
D:9:      layout_basic, mainiacjoe_overflow_concentric_impassable,
          nicolae_tso_carved_into_rock, erik_orc_1, serial_ice, serial_ice_e,
          serial_ice_b, serial_ice_k, serial_ice_m, gammafunk_ghost_cemetery,
          chequers_serial_rivers_micro_a, amcnicky_mini_corridor_feature,
          uniq_pikel
D:10:     layout_irregular_city, serial_shops, shop, uniq_grum, uniq_psyche,
          uniq_maurice, uniq_erica
D:11:     lemuel_insect_pit, layout_loops_ring, uniq_lodul
D:12:     layout_loops_ring, gauntlet_entry_generic
Temple:   hellmonk_temple_of_storms
Lair:1:   layout_chaotic_city, uniq_jeremiah, uniq_nergalle
Lair:2:   layout_gridlike, nicolae_snake_entry_squirm,
          nicolae_lair_grazing_beasts [nicolae_sub_lair_graze_edge,
          nicolae_sub_lair_graze_edge, nicolae_sub_lair_graze_edge,
          nicolae_sub_lair_graze_edge]
Lair:3:   layout_regular_city, swamp_mist, gammafunk_ghost_wrathful_warriors,
          grunt_megastairs_5, lemuel_fruit_tree
Lair:4:   layout_loops_ring, minmay_lair_oklob_items
Lair:5:   hangedman_lair_tendril_chambers, layout_misc_corridors,
          minmay_slime_entry_pillars, uniq_kirke
Orc:1:    layout_caves, serial_shops, nicolae_shop_back_alley_shop
Orc:2:    st_orc_mages, layout_caves, mines2_lemuel

Skill      XL: |  1  2  3  4  5  6  7  8  9 10 11 12 13 14 15 |
---------------+----------------------------------------------+-----
Fighting       | 4 5 6 8 9 11 12 13 14 15 | 15.1
Armour         | 4 5 6 8 9 11 12 13 14 15 | 15.2
Shields        | 4 5 6 8 9 11 12 13 14 15 | 15.1
Maces & Flails | 3 4 5 7 8 9 11 12 13 | 13.7

Action                     |  1- 3 |  4- 6 |  7- 9 | 10-12 | 13-15 || total
---------------------------+-------+-------+-------+-------+-------++-------
  Melee: Flail             |   118 |   154 |   344 |   917 |       ||  1533
         Morningstar       |       |       |       |    28 |  1172 ||  1200
  Throw: Dart              |       |     4 |       |     8 |     3 ||    15
 Invoke: Heroism           |       |       |       |     8 |     9 ||    17
    Use: Scroll            |       |     9 |     4 |     3 |    11 ||    27
         Potion            |       |     1 |       |       |       ||     1
 Armour: Scale mail        |    58 |    60 |   122 |       |   365 ||   605
         Chain mail        |       |       |    50 |   221 |       ||   271
         Crystal plate arm |       |       |       |   456 |   430 ||   886
  Dodge: Dodged            |    72 |   105 |   241 |   574 |   806 ||  1798
  Block: Buckler           |    25 |    42 |    88 |   342 |   439 ||   936

Table legend: (Time is in decaauts)
 A = Elapsed time spent in this place.
 B = Non-inter-level travel time spent in this place.
 C = Inter-level travel time spent in this place.
 D = Time resting spent in this place.
 E = Time spent auto-exploring this place.
 F = Levels seen in this place.
 G = Mean time per level.
                   A        B        C        D        E       F      G
               +--------+--------+--------+--------+--------+-----+--------+
         Total |  22202 |  20999 |   1203 |   3590 |  12309 |  21 | 1057.2 |
       Dungeon |  12693 |  11861 |    832 |   1399 |   7788 |  12 | 1057.8 |
        Temple |    140 |    140 |      0 |    103 |      0 |   1 |  140.0 |
          Lair |   8029 |   7883 |    146 |   2041 |   4013 |   5 | 1605.8 |
  Orcish Mines |   1166 |    942 |    224 |     47 |    408 |   2 |  583.0 |
         Sewer |    171 |    171 |      0 |      0 |    100 |   1 |  171.0 |
               +--------+--------+--------+--------+--------+-----+--------+

Top non-repeatable levels by time:
  Lair:2: 2775 daAuts
     D:9: 2013 daAuts
     D:3: 1959 daAuts
  Lair:3: 1854 daAuts
    D:10: 1391 daAuts
  Lair:1: 1361 daAuts
     D:4: 1243 daAuts
     D:8: 1192 daAuts
  Lair:5: 1094 daAuts
     D:5: 1010 daAuts
     D:7: 950 daAuts
  Lair:4: 944 daAuts
    D:11: 915 daAuts
     D:2: 907 daAuts
   Orc:2: 808 daAuts
